 Dungeon Crawl Stone Soup version 0.24.0-123-gd5b16e6ec5 (webtiles) character file.

Game seed: 1516553757494542306, levelgen mode: deterministic

11 Martska the Chiller (level 2, -10/19 HPs)
             Began as a Merfolk Ice Elementalist on Jan 31, 2020.
             Mangled by a worm (11 damage)
             ... on level 2 of the Dungeon.
             The game lasted 00:01:49 (313 turns).

Martska the Chiller (Merfolk Ice Elementalist)       Turns: 313, Time: 00:01:49

Health: -10/19     AC:  2    Str:  8    XL:     2   Next: 29%
Magic:  4/5        EV:  9    Int: 14    God:
Gold:   66         SH:  6    Dex: 14    Spells: 4/5 levels left

rFire    . . .     SeeInvis .   b - +0 whip
rCold    . . .     Gourm    .   i - +0 shield
rNeg     . . .     Faith    .   a - +0 robe
rPois    .         Spirit   .   (no helmet)
rElec    .         Reflect  .   (no cloak)
rCorr    .         Harm     .   (no gloves)
MR       .....                  (no boots)
Stlth    ++........             (no amulet)
HPRegen  0.06/turn              (no ring)
MPRegen  0.09/turn              (no ring)

@: heavily drained
A: change form in water, swift swim, stealthy swim
a: no special abilities


You were on level 2 of the Dungeon.
You were not hungry.

You visited 1 branch of the dungeon, and saw 2 of its levels.

You collected 66 gold pieces.

Inventory:

Hand Weapons
 b - a +0 whip (weapon)
 e - a +0 club
Armour
 a - a +0 robe (worn)
 i - a +0 shield (worn)
Jewellery
 l - an uncursed amulet of harm
Scrolls
 d - 2 scrolls of teleportation {unknown}
 f - a scroll of blinking {unknown}
 j - a scroll of identify {unknown}
Potions
 g - a potion of heal wounds {unknown}
 h - 2 potions of mutation {unknown}
 k - a potion of haste {unknown}
Comestibles
 c - 2 rations


   Skills:
 * Level 0.2(0.0) Fighting
 + Level 0.5(0.0) Maces & Flails
 + Level 3.0(1.4) Dodging
 + Level 2.3(0.7) Stealth
 + Level 2.0(0.4) Spellcasting
   Level 0.7(0.0) Conjurations
 + Level 3.5(1.8) Ice Magic


You had 4 spell levels left.
You knew the following spells:

 Your Spells              Type           Power        Failure   Level  Hunger
a - Freeze                Ice            #...         67%         1    ##.....

Your spell library contained the following spells:

 Spells                   Type           Power        Failure   Level  Hunger
 Throw Frost              Conj/Ice       #.....       90%         2    ###....
 Ozocubu's Armour         Chrm/Ice       #.......     99%         3    ####...
 Summon Ice Beast         Ice/Summ       #.......     100%        4    #####..
 Throw Icicle             Conj/Ice       #.......     100%        4    #####..


Dungeon Overview and Level Annotations

Branches:
Dungeon (2/15)

Altars:


Message History

The worm is lightly wounded.
You block the giant cockroach's attack. The worm bites you!
Ouch! That really hurt!
* * * LOW HITPOINT WARNING * * *
You hit the worm.
The worm is lightly wounded.
The giant cockroach barely misses you. You block the worm's attack.
The giant cockroach barely misses you.
Casting: Freeze (safe; 67% risk of failure)
Confirm with . or Enter, or press ? or * to list all spells.
Aiming: Freeze (safe; 67% risk of failure)
Press: ? - help, Shift-Dir - straight line, f - giant cockroach
Aim: a giant cockroach (clinging)
You freeze the giant cockroach.
The giant cockroach is severely wounded.
The giant cockroach bites you.
* * * LOW HITPOINT WARNING * * *
The worm bites you!
Ouch! That really hurt!
You die...

# # #..##.# ..##. ##.#
#.# ... ###..###.## .
... #......(..## ..
#.#####.#........##
...##.................#
...)..#..##...........#
.##...w.#.......†....#
#.#.s@..#..........# ..
#..#.............#
..##.................##
.....##..###..........#
..... ................#
#### .!###.....<(......
..(. ##..........<..
#### ............g.
##............


You could see a worm and a giant cockroach.

Vanquished Creatures
  An orc (D:2)
  A bat (D:1)
  A giant cockroach (D:2)
  2 goblins
  A hobgoblin (D:1)
  A kobold (D:2)
  A frilled lizard (D:2)
  A rat (D:1)
9 creatures vanquished.

Notes
Turn   | Place    | Note
-------+----------+-------------------------------------------
     0 | D:1      | Martska the Merfolk Ice Elementalist began the quest for
                  | the Orb.
     0 | D:1      | Reached XP level 1. HP: 13/13 MP: 3/3
   255 | D:1      | You fall into a shaft and drop 1 floor!
   268 | D:2      | Reached XP level 2. HP: 19/19 MP: 5/5
   313 | D:2      | Mangled by a worm

Levels and vault maps discovered:
D:1:      wander_arrival_fairy_ring, layout_basic
D:2:      layout_rooms, led_sif_pool, overflow_temple_1_default,
          yredelemnul_altar_generic, marbit_many_paths

Skill      XL: |  1  2 |
---------------+-------+-----
Dodging        | 3 |  3.0
Fighting       | |  0.2
Maces & Flails | |  0.5
Stealth        | |  2.3
Spellcasting   | |  2.0
Conjurations   | |  0.7
Ice Magic      | |  3.5

Action                   || total
-------------------------++-------
Melee: Whip              ||    28
       Unarmed           ||     3
 Cast: Freeze            ||     7
Armor: Robe              ||    11
Dodge: Dodged            ||    15
Block: Shield            ||    11
